 Dungeon Crawl Stone Soup version 0.31-a0-986-g5e6e4ef867 (webtiles) character file.

Game seed: 2287845246526765891

15833 ytrimaz the Thaumaturge (level 12, -1/84 HPs)
             Began as a Mummy Necromancer on Nov 15, 2023.
             Was a High Priest of Kikubaaqudgha.
             Slain by a seven-headed hydra (6 damage)
             ... on level 11 of the Dungeon.
             The game lasted 00:20:56 (11936 turns).

ytrimaz the Thaumaturge (Mummy Necromancer)        Turns: 11936, Time: 00:20:56

Health: -1/84      AC:  6    Str: 18    XL:     12   Next: 4%
Magic:  28/28      EV: 12    Int: 24    God:    Kikubaaqudgha [*****.]
Gold:   312        SH:  0    Dex: 17    Spells: 8/35 levels left

rFire   + . .        m - +27 heavy crossbow "Sniper" {heavy, Acc+∞ SInv}
rCold   + + .        (shield currently unavailable)
rNeg    + + +        v - +0 robe of Vysasont {rC+ Str+3 Int+3}
rPois   ∞            (no helmet)
rElec   .            n - +0 cloak
rCorr   .            l - +2 pair of gloves
SInv    +            (no boots)
Will    +....        (no amulet)
Stlth   ++++         H - ring of Creativity {rF+ Str+4 Int+3 Dex+3}
HPRegen 0.34/turn    C - ring of protection from fire
MPRegen 0.21/turn

%: faith
@: no status effects
A: cold resistance 1, negative energy resistance 3, torment resistance 2, heat
vulnerability 1, in touch with death 1, no potions, faith
a: Renounce Religion, Unearth Wretches, Torment


You were on level 11 of the Dungeon.
You worshipped Kikubaaqudgha.
Kikubaaqudgha was extremely pleased with you.
You visited 2 branches of the dungeon, and saw 12 of its levels.
You also visited: Bailey and Ice Cave.

You collected 664 gold pieces.
You spent 352 gold pieces at shops.


Innate Abilities, Weirdness & Mutations

You are immune to poison.
Your flesh is cold resistant. (rC+)
You are immune to negative energy. (rN+++)
You are immune to unholy pain and torment.
You are vulnerable to heat. (rF-)
You are in touch with the powers of death.
You do not drink.
You have a special connection with the divine. (Faith)


   Skills:
 + Level 4.7 Fighting
 + Level 7.8 Ranged Weapons
 - Level 1.5 Dodging
 - Level 8.2 Stealth
 + Level 12.3 Spellcasting
 + Level 10.9 Necromancy


You had 8 spell levels left.
You knew the following spells:

 Your Spells              Type           Power      Damage    Failure   Level
a - Borgnjor's Vile Clut  Necr/Erth      28%        N/A       12%         5
b - Vampiric Draining     Necr           79%        2d11      1%          3
c - Death Channel         Necr           39%        N/A       7%          6
d - Agony                 Necr           79%        N/A       1%          5
e - Anguish               Hex/Necr       28%        N/A       4%          4
f - Animate Dead          Necr           79%        N/A       1%          4

Your spell library contained the following spells:

 Spells                   Type           Power      Damage    Failure   Level
 Kiss of Death            Conj/Necr      100%       2d13      1%          1
 Necrotise                Necr           100%       1d9       1%          1
 Mephitic Cloud           Conj/Pois/Air  14%        N/A       12%         3
 Stone Arrow              Conj/Erth      28%        3d8       12%         3
 Simulacrum               Ice/Necr       28%        N/A       56%         6
 Irradiate                Conj/Tmut      7%         3d14      75%         5
 Lehudib's Crystal Spear  Conj/Erth      7%         10d3      100%        8
 Wereblood                Tmut           Unusable   N/A       N/A         2

Inventory:

Hand Weapons
 k - a +2 heavy falchion
   (You took it off an orc on level 4 of the Dungeon)
 m - the +27 heavy crossbow "Sniper" (weapon) {heavy, Acc+∞ SInv}
   (You found it on level 4 of the Dungeon)

   Acc+∞: It never misses its target.
   SInv:      It lets you see invisible.
 B - the +8 great mace of Change {speed, Str+9 Dex-5 Stlth+}
   (You found it in a bailey)

   Str+9:     It affects your strength (+9).
   Dex-5:     It affects your dexterity (-5).
   Stlth+:    It makes you more stealthy.
Armour
 a - the +2 ratskin cloak {*Rats rPois rN+ Str-1 Int-1 Dex+1}
   (You found it on level 10 of the Dungeon)

   *Rats:     When the wearer is hurt, rats may emerge from it to assist them.
   Str-1:     It affects your strength (-1).
   Int-1:     It affects your intelligence (-1).
   Dex+1:     It affects your dexterity (+1).
   rPois:     It protects you from poison rN+: It protects you from negative
   energy.
 g - a +1 robe of fire resistance
   (You found it on level 2 of the Dungeon)
 j - the +0 robe of the Locust {Will+}
   (You bought it in a shop on level 7 of the Dungeon)

   Will+:     It increases your willpower.
 l - a +2 pair of gloves (worn)
   (You found it on level 4 of the Dungeon)
 n - a +0 cloak (worn)
   (You took it off Crazy Yiuf on level 3 of the Dungeon)
 v - the +0 robe of Vysasont (worn) {rC+ Str+3 Int+3}
   (You bought it in a shop on level 7 of the Dungeon)

   Str+3:     It affects your strength (+3).
   Int+3:     It affects your intelligence (+3).
   rC+:       It protects you from cold.
 y - +0 steam dragon scales
   (You found it in a bailey)
Jewellery
 c - a ring of protection from cold
   (You found it on level 1 of the Dungeon)
 d - a ring of flight
   (You found it on level 3 of the Dungeon)
 e - a ring of magical power
   (You found it on level 4 of the Dungeon)
 i - a ring of ice
   (You found it on level 3 of the Dungeon)
 w - a +4 ring of protection
   (You found it on level 8 of the Dungeon)
 C - a ring of protection from fire (right hand)
   (You took it off an orc priest on level 9 of the Dungeon)
 G - a ring of ice
   (You found it on level 10 of the Dungeon)
 H - the ring of Creativity (left hand) {rF+ Str+4 Int+3 Dex+3}
   (You found it on level 10 of the Dungeon)

   [ring of protection from fire]

   Str+4:     It affects your strength (+4).
   Int+3:     It affects your intelligence (+3).
   Dex+3:     It affects your dexterity (+3).
   rF+:       It protects you from fire.
Wands
 u - a wand of flame (45)
   (You found it on level 6 of the Dungeon)
 F - a wand of digging (6)
   (You found it on level 9 of the Dungeon)
Scrolls
 b - 3 scrolls of poison
 f - 2 scrolls of enchant armour
 h - a scroll of silence
 o - 5 scrolls of teleportation
 p - 5 scrolls of immolation
 q - 2 scrolls of fog
 r - a scroll of revelation
 s - a scroll of amnesia
 t - 6 scrolls of blinking
 x - 4 scrolls of identify
 z - 2 scrolls of brand weapon
 A - a scroll of summoning
 D - a scroll of vulnerability {unknown}
 E - a scroll of torment {unknown}
 I - a scroll of acquirement {unknown}

Dungeon Overview and Level Annotations

Branches:
Dungeon (11/15) Zot: 26051  Temple (1/1) D:4 Zot: 5981    Lair (0/5) D:8
    Orc (0/2) D:11         Bailey (visited)           IceCv (visited)

Altars:
Ashenzari
Cheibriados
Dithmenos
Fedhas
Gozag
Hepliaklqana
Kikubaaqudgha
Makhleb
Nemelex Xobeh
Okawaru
Qazlal
Ru
Sif Muna
Trog
Uskayaw
Vehumet
Wu Jian
Xom
Yredelemnul

Shops:
D:4 (   D:7 [   D:9 *   D:10 ?[:=

Annotations:
D:3 Grinder; osoart's ghost, amateur OpSh

#....... #.##
#....### #.#.
....## # ....
....# # #.. #
.W.## # #..
.####
#.###.###....
#.....D...#
#.#@#
#.#.####
#......#
###.##.#
##...#.##..
##
#......!...
+.
##.........
## #..######
#.##


You could see a seven-headed hydra.


Message History

😮 HP[+1]
You see here a +0 mace. 😎 HP[+23]
Your hp is fully restored (78).
Fire: m) +27 heavy crossbow "Sniper" {heavy, Acc+∞ SInv}
Press: ? - help, Q - select action, (/) - cycle Shift-Dir - straight line, f - lava snake
Aim: a lava snake (lava, asleep, 100% to hit)
You shoot a bolt. The bolt hits the lava snake!!!
You kill the lava snake!
Kikubaaqudgha accepts your kill.
Fire: m) +27 heavy crossbow "Sniper" {heavy, Acc+∞ SInv}
Press: ? - help, Q - select action, (/) - cycle Shift-Dir - straight line, f - you That would be overly suicidal.
Okay, then.
A molten gargoyle comes into view. It is wielding a +0 mace.
Fire: m) +27 heavy crossbow "Sniper" {heavy, Acc+∞ SInv}
Press: ? - help, Q - select action, (/) - cycle Shift-Dir - straight line, f - molten gargoyle
Aim: a molten gargoyle, wielding a +0 mace (dormant, 100% to hit)
You shoot a bolt. The bolt hits the molten gargoyle!!
A shadow comes into view.
A molten gargoyle comes into view. It is wielding a +0 morningstar.
Fire: m) +27 heavy crossbow "Sniper" {heavy, Acc+∞ SInv}
Press: ? - help, Q - select action, (/) - cycle Shift-Dir - straight line, f/p - molten gargoyle
Aim: a molten gargoyle, wielding a +0 mace (black smoke, lava, almost destroyed, 100% to hit)
You shoot a bolt. The bolt hits the molten gargoyle!!!
You destroy the molten gargoyle!
Kikubaaqudgha accepts your kill.
You hear a sizzling splash.
You have reached level 12! 😎 HP[+6] MP[+1]
You now have 84 max hp (+6).
Your hp is fully restored (84).
Your mp is fully restored (28).
Fire: m) +27 heavy crossbow "Sniper" {heavy, Acc+∞ SInv}
Press: ? - help, Q - select action, (/) - cycle Shift-Dir - straight line, f - shadow
Aim: a shadow (100% to hit)
You shoot a bolt. The bolt hits the shadow.
The shadow hits you. The shadow hits you! 😕 HP[-12]
You take 12 damage, and now have 72/84 hp.
Fire: m) +27 heavy crossbow "Sniper" {heavy, Acc+∞ SInv}
Press: ? - help, Q - select action, (/) - cycle Shift-Dir - straight line, f/p - shadow
Aim: a shadow (lightly damaged, 100% to hit)
You shoot a bolt. The bolt hits the shadow!!!
You destroy the shadow!
Kikubaaqudgha accepts your kill. 😕 HP[+1] Fire: m) +27 heavy crossbow "Sniper" {heavy, Acc+∞ SInv}
Press: ? - help, Q - select action, (/) - cycle Shift-Dir - straight line, f - molten gargoyle
Aim: a molten gargoyle, wielding a +0 morningstar (wandering, hasn't noticed you, 100% to hit)
You shoot a bolt. The bolt hits the molten gargoyle!!
You destroy the molten gargoyle!
Kikubaaqudgha accepts your kill. 😕 HP[+1] Fire: m) +27 heavy crossbow "Sniper" {heavy, Acc+∞ SInv}
Press: ? - help, Q - select action, (/) - cycle Shift-Dir - straight line, f - you That would be overly suicidal.
Okay, then.
I - a scroll labelled TIPUIN APTECS 😎 HP[+10]
Your hp is fully restored (84).
Found a stone staircase leading up.
There is a stone staircase leading up here.
You see here a +0 morningstar.
u - a wand of flame (45) (gained 14 charges)
You now have 279 gold pieces (gained 22).
Key pressed, stopping explore.
You now have 299 gold pieces (gained 20).
You now have 307 gold pieces (gained 8).
You now have 312 gold pieces (gained 5).
You see here a +0 flail.
A seven-headed hydra comes into view.
A seven-headed hydra is nearby!
Fire: m) +27 heavy crossbow "Sniper" {heavy, Acc+∞ SInv}
Press: ? - help, Q - select action, (/) - cycle Shift-Dir - straight line, f - seven-headed hydra
Aim: a seven-headed hydra (100% to hit)
You shoot a bolt. The bolt hits the seven-headed hydra!!
A manticore comes into view.
Fire: m) +27 heavy crossbow "Sniper" {heavy, Acc+∞ SInv}
Press: ? - help, Q - select action, (/) - cycle Shift-Dir - straight line, f/p - seven-headed hydra
Aim: a seven-headed hydra (moderately wounded, 100% to hit)
You shoot a bolt. The bolt hits the seven-headed hydra!
The seven-headed hydra bites you. x2
The seven-headed hydra bites you but does no damage.
The seven-headed hydra barely misses you.
The seven-headed hydra bites you.
The seven-headed hydra closely misses you. x2
The seven-headed hydra bites you! The seven-headed hydra bites you.
The seven-headed hydra closely misses you. x2
The seven-headed hydra bites you! x2
* * * LOW HITPOINT WARNING * * *
The seven-headed hydra barely misses you.
The seven-headed hydra bites you.
* * * LOW HITPOINT WARNING * * *
The seven-headed hydra bites you!
* * * LOW HITPOINT WARNING * * *
The seven-headed hydra bites you!
* * * LOW HITPOINT WARNING * * *
The seven-headed hydra bites you.
You die...
Kikubaaqudgha rasps: "You have failed me!
Welcome... oblivion!"

Skill      XL: |  1  2  3  4  5  6  7  8  9 10 11 |
---------------+----------------------------------+-----
Spellcasting   | 3 4 5 6 7 9 10 12 | 12.3
Stealth        | 2 3 4 5 7 8 |  8.2
Necromancy     | 5 6 7 8 9 10 | 10.9
Ranged Weapons | 1 2 3 5 6 7 |  7.8
Fighting       | 4 |  4.7
Dodging        | |  1.5

Action                     |  1- 3 |  4- 6 |  7- 9 | 10-12 || total
---------------------------+-------+-------+-------+-------++-------
  Melee: Unarmed           |    36 |     1 |       |       ||    37
         Falchion          |       |     9 |       |       ||     9
   Fire: Heavy crossbow    |       |     4 |    98 |   124 ||   226
   Cast: Necrotise         |    50 |    49 |     4 |       ||   103
         Vampiric Draining |       |     8 |     5 |    25 ||    38
         Animate Dead      |       |       |     1 |     1 ||     2
         Borgnjor's Vile C |       |       |       |     2 ||     2
         Death Channel     |       |       |       |     1 ||     1
    Use: Scroll            |     5 |       |     4 |     4 ||    13
 Armour: Robe              |    22 |    26 |    45 |   112 ||   205
  Dodge: Dodged            |    34 |    18 |    48 |    94 ||   194

Levels and vault maps discovered:
D:1:      minmay_arrival_arboretum_small, layout_basic,
          dreamdust_mushroom_princess
D:2:      layout_loops_ring, serial_rivers, chequers_serial_rivers_micro_e,
          chequers_serial_rivers_large_b, chequers_serial_rivers_small_b,
          chequers_serial_rivers_small_b, chequers_serial_rivers_small_a,
          chequers_serial_rivers_micro_e, ebering_ecumenical_altar_hall,
          basic_altar, minmay_misc_feat_columns
D:3:      layout_basic, gammafunk_ghost_gnarly_gnolls, uniq_crazy_yiuf_cottage,
          uniq_grinder
D:4:      layout_loops_corners, mainiacjoe_overflow_six_doors_small,
          minmay_temple_entry_purple_smoke, serial_shops,
          nicolae_shop_hallway_stairs
D:5:      layout_loops_ring, nicolae_sextant, minmay_misc_feat_rugged,
          minmay_misc_feat_plants, kennysheep_big_empty_room,
          kennysheep_generic_room_9
D:6:      layout_gridville, jmf_multi_god_temple2, kennysheep_decorative_pillar,
          hangedman_decor_slide_cut, uniq_edmund
D:7:      layout_rooms, general_overflow_altar, mainiacjoe_overflow_alcove_3,
          serial_undead, serial_undead_a, serial_undead_a, serial_undead_d,
          serial_undead_f, serial_shops, shop, minmay_misc_feat_tiny
D:8:      layout_basic, erik_lair_orcish_takeover, serial_corexii_hall,
          chequers_hall_statues_corner_a, corexii_hall_statues_deadend,
          uniq_joseph
D:9:      layout_loops_ring, good_gods_mini_temple, lemuel_round_altar,
          chequers_temple_overflow_statue_of_worship, tgw_xom, serial_shops,
          shop, enter_bailey_3
D:10:     gammafunk_worm_tunnel, layout_basic, lemuel_coloured_pillars_altar,
          special_room [special_room_bee], serial_shops, nicolae_lakefront_shop,
          nicolae_shop_advertising_works [nicolae_subvault_shop_adworks],
          nicolae_shop_behind_doors, nicolae_shop_tiny_waterfront, uniq_maggie,
          uniq_snorg, uniq_josephine
D:11:     layout_loops_corners, orc_0_dummy, portal_ice_cave_demonic_guard,
          minivault_8, uniq_harold
Temple:   hellmonk_temple_rainy

Notes
Turn   | Place    | Note
-------+----------+-------------------------------------------
     0 | D:1      | ytrimaz the Mummy Necromancer began the quest for the Orb.
     0 | D:1      | Reached XP level 1. HP: 13/13 MP: 4/4
     0 | D:1      | magus.rc [v1.9.6]
   136 | D:1      | Reached skill level 3 in Spellcasting
   136 | D:1      | Reached XP level 2. HP: 15/19 MP: 1/6
   236 | D:1      | Reached skill level 2 in Stealth
   298 | D:1      | You fall into a shaft and drop 1 floor!
   567 | D:2      | Reached XP level 3. HP: 24/24 MP: 0/7
   729 | D:2      | Found a faded altar of an unknown god.
  1072 | D:2      | Found a shimmering blue altar of Sif Muna.
  1702 | D:3      | Found a transporter.
  1703 | D:3      | Noticed Grinder
  1746 | D:3      | Learned a level 3 spell: Vampiric Draining
  1784 | D:3      | Found a transporter.
  1942 | D:3      | Paralysed by Grinder for 2 turns
  1947 | D:3      | Noticed osoart's ghost (amateur OpSh)
  1987 | D:3      | Paralysed by Grinder for 4 turns
  1997 | D:3      | Paralysed by Grinder for 4 turns
  2153 | D:3      | Paralysed by Grinder for 3 turns
  2376 | D:3      | Found a runed translucent door.
  2377 | D:3      | Noticed Crazy Yiuf
  2512 | D:4      | Found Ularag's Antique Weapon Emporium.
  2532 | D:4      | Found a burning altar of Makhleb.
  2659 | D:4      | Reached XP level 4. HP: 16/30 MP: 2/9
  2738 | D:4      | Reached skill level 4 in Spellcasting
  2864 | D:4      | Learned a level 4 spell: Animate Dead
  3020 | D:4      | Noticed a scorpion
  3024 | D:4      | Killed a scorpion
  3025 | D:4      | Reached skill level 3 in Stealth
  3025 | D:4      | Reached skill level 5 in Necromancy
  3025 | D:4      | Reached XP level 5. HP: 32/35 MP: 11/11
  3255 | D:4      | HP: 5/35 [orc/+0 falchion (7)]
  3416 | D:4      | Reached skill level 5 in Spellcasting
  3416 | D:4      | Reached XP level 6. HP: 41/41 MP: 13/13
  3632 | D:4      | Found the +27 heavy crossbow "Sniper" {heavy, Acc+∞ SInv}
  3882 | D:4      | Found a staircase to the Ecumenical Temple.
  4089 | Temple   | Entered the Ecumenical Temple
  4098 | Temple   | Became a worshipper of Kikubaaqudgha
  4511 | D:3      | Killed Crazy Yiuf
  4877 | D:5      | Entered Level 5 of the Dungeon
  4881 | D:5      | Reached skill level 1 in Ranged Weapons
  4881 | D:5      | Reached skill level 4 in Stealth
  4881 | D:5      | Reached XP level 7. HP: 46/46 MP: 15/15
  5184 | D:5      | Reached skill level 6 in Spellcasting
  5184 | D:5      | Reached skill level 6 in Necromancy
  5540 | D:6      | Reached skill level 2 in Ranged Weapons
  5745 | D:6      | Reached XP level 8. HP: 45/52 MP: 17/17
  5745 | D:6      | Reached * piety under Kikubaaqudgha
  5745 | D:6      | Received a gift from Kikubaaqudgha
  5754 | D:6      | Learned a level 5 spell: Agony
  5783 | D:6      | Reached skill level 5 in Stealth
  5947 | D:6      | Reached skill level 3 in Ranged Weapons
  5947 | D:6      | Reached skill level 7 in Spellcasting
  6058 | D:6      | Found a large runed translucent door.
  6059 | D:6      | Found a large runed translucent door.
  6114 | D:6      | Noticed Edmund
  6116 | D:6      | Killed Edmund
  6117 | D:6      | Reached skill level 7 in Necromancy
  6320 | D:6      | Found a hazy altar of Hepliaklqana.
  6324 | D:6      | Found a bloodstained altar of Trog.
  6375 | D:7      | Identified the of Balakk
  6492 | D:7      | Reached XP level 9. HP: 51/57 MP: 20/20
  6513 | D:7      | You add the spells Stone Arrow, Mephitic Cloud and
                  | Lehudib's Crystal Spear to your library.
  6518 | D:7      | Reached skill level 4 in Ranged Weapons
  6518 | D:7      | Reached skill level 8 in Spellcasting
  6526 | D:7      | Reached skill level 6 in Stealth
  6545 | D:7      | Reached ** piety under Kikubaaqudgha
  6604 | D:7      | You pick up a book of Changes and begin reading...
  6688 | D:7      | Found Dinn's Antique Armour Shoppe.
  6696 | D:7      | Bought a dazzling robe for 176 gold pieces
  6696 | D:7      | Identified the +0 robe of Vysasont {rC+ Str+3 Int+3} (You
                  | bought it in a shop on level 7 of the Dungeon)
  6752 | D:7      | Reached skill level 8 in Necromancy
  6846 | D:7      | Found a sacrificial altar of Ru.
  7052 | D:7      | Found a basalt altar of Yredelemnul.
  7053 | D:7      | Found a shimmering blue altar of Sif Muna.
  7054 | D:7      | Found a blossoming altar of Fedhas.
  7055 | D:7      | Found an ornate altar of the Wu Jian Council.
  7172 | D:7      | Bought a jewelled robe for 176 gold pieces
  7172 | D:7      | Identified the +0 robe of the Locust {Will+} (You bought it
                  | in a shop on level 7 of the Dungeon)
  7260 | D:8      | Noticed Joseph
  7262 | D:8      | Killed Joseph
  7263 | D:8      | Reached skill level 5 in Ranged Weapons
  7263 | D:8      | Reached skill level 9 in Spellcasting
  7480 | D:8      | Reached skill level 7 in Stealth
  7480 | D:8      | Reached XP level 10. HP: 36/63 MP: 15/23
  7485 | D:8      | HP: 11/63 [orc priest/divine providence (13)]
  7647 | D:8      | Found a staircase to the Lair.
  7671 | D:8      | Noticed a two-headed ogre
  7676 | D:8      | Killed a two-headed ogre
  7680 | D:8      | Reached *** piety under Kikubaaqudgha
  7680 | D:8      | You add the spells Anguish, Borgnjor's Vile Clutch, Death
                  | Channel and Simulacrum to your library.
  7680 | D:8      | Received a gift from Kikubaaqudgha
  8163 | D:9      | Reached skill level 9 in Necromancy
  8165 | D:9      | HP: 13/63 [yak (4)]
  8166 | D:9      | Reached skill level 10 in Spellcasting
  8366 | D:9      | Found a flagged portal.
  8379 | Bailey   | Entered a bailey
  8499 | Bailey   | Reached skill level 6 in Ranged Weapons
  8533 | Bailey   | Reached **** piety under Kikubaaqudgha
  8605 | Bailey   | Reached skill level 8 in Stealth
  8629 | Bailey   | Noticed a two-headed ogre
  8631 | Bailey   | Killed a two-headed ogre
  8650 | Bailey   | Identified the +8 great mace of Change {speed, Str+9 Dex-5
                  | Stlth+}
  8758 | D:9      | Found a shadowy altar of Dithmenos.
  8760 | D:9      | Found a snail-covered altar of Cheibriados.
  8785 | D:9      | Found a shimmering altar of Xom.
  8886 | D:9      | Noticed a two-headed ogre
  8888 | D:9      | Killed a two-headed ogre
  8889 | D:9      | Reached XP level 11. HP: 68/68 MP: 25/25
  8894 | D:9      | Learned a level 4 spell: Anguish
  8901 | D:9      | Learned a level 6 spell: Death Channel
  8907 | D:9      | Learned a level 5 spell: Borgnjor's Vile Clutch
  9026 | D:9      | Found Toddutusm's Assorted Antiques.
  9055 | D:9      | Noticed a two-headed ogre
  9058 | D:9      | Killed a two-headed ogre
  9059 | D:9      | Reached skill level 1 in Fighting
  9059 | D:9      | Reached skill level 11 in Spellcasting
  9455 | D:9      | Found a broken altar of Ashenzari.
  9643 | D:10     | Entered Level 10 of the Dungeon
  9687 | D:10     | Found a transporter.
  9768 | D:10     | Noticed Maggie
  9771 | D:10     | Killed Maggie
  9772 | D:10     | Reached skill level 10 in Necromancy
  9856 | D:10     | Found Geyzaah's Book Shop.
  9964 | D:10     | Found Esaitot's Armour Boutique.
 10042 | D:10     | Reached skill level 2 in Fighting
 10043 | D:10     | Found Dotemn's Jewellery Emporium.
 10081 | D:10     | Noticed Josephine
 10083 | D:10     | Reached skill level 7 in Ranged Weapons
 10092 | D:10     | Reached ***** piety under Kikubaaqudgha
 10093 | D:10     | Killed Josephine
 10097 | D:10     | Reached skill level 3 in Fighting
 10107 | D:10     | Found Ihiusei's Magic Scroll Shop.
 10245 | D:10     | Found a transporter.
 10365 | D:10     | Found the +2 ratskin cloak {*Rats rPois rN+ Str-1 Int-1
                  | Dex+1}
 10517 | D:10     | Noticed Snorg
 10520 | D:10     | Killed Snorg
 10672 | D:10     | Identified the +1 hat "Hoguvvyb" {rN+ Str-5 SInv}
 10675 | D:10     | Identified the ring of Creativity {rF+ Str+4 Int+3 Dex+3}
 10753 | D:10     | Found an opulent altar of Gozag.
 11133 | D:11     | Found a frozen archway.
 11135 | D:11     | Reached skill level 4 in Fighting
 11135 | D:11     | Reached skill level 12 in Spellcasting
 11149 | IceCv    | Entered an ice cave
 11509 | D:11     | Found a staircase to the Orcish Mines.
 11715 | D:11     | Reached XP level 12. HP: 84/84 MP: 28/28
 11934 | D:11     | Noticed a seven-headed hydra
 11936 | D:11     | HP: 20/84 [seven-headed hydra (12)]
 11936 | D:11     | HP: 5/84 [seven-headed hydra (15)]
 11936 | D:11     | Slain by a seven-headed hydra

Vanquished Creatures
  Snorg (D:10)
  Josephine (D:10)
  4 two-headed ogres
  4 molten gargoyles (D:11)
  Joseph (D:8)
  A kobold demonologist (D:11)
  Maggie (D:10)
  3 ice devils
  3 spriggans (Bailey)
  3 shadows
  5 yaks (D:9)
  3 wraiths
  A wyvern (D:10)
  3 wargs (D:8)
  Edmund (D:6)
  2 acid dragons
  4 orc warriors
  A hornet zombie (D:7)
  2 ice beasts
  7 ogres
  5 centaurs
  2 phantoms
  2 kobold brigands
  A wyvern zombie (D:7)
  2 bullfrogs (D:8)
  5 scorpions
  15 wights
  33 killer bees
  A bullfrog zombie (D:7)
  A lava snake (D:11)
  A centaur zombie (D:7)
  A gnoll bouda (D:8)
  6 orc priests
  7 hounds
  Crazy Yiuf (D:3)
  4 jellies
  4 iguanas
  9 orc wizards
  A spriggan simulacrum (IceCv)
  2 killer bee zombies (D:7)
  6 gnolls
  8 adders
  A shadow imp (D:7)
  2 white imps
  4 ufetubi (D:5)
  A worm (D:2)
  3 dart slugs
  36 orcs
  2 ball pythons
  A bat (D:1)
  7 endoplasms
  3 giant cockroaches
  7 goblins
  3 hobgoblins
  12 kobolds
  A frilled lizard (D:1)
  3 rats
254 creatures vanquished.

Vanquished Creatures (collateral kills)
  A queen bee (D:10)
  A wraith (D:10)
  6 killer bees (D:10)
  2 orcs (D:6)
  A goblin (D:9)
  A kobold (D:4)
12 creatures vanquished.

Vanquished Creatures (others)
  4 orc zombies (D:8)
  3 kobold zombies (D:9)
7 creatures vanquished.

Grand Total: 273 creatures vanquished

Table legend:
 A = Non-vault XP
 B = Vault XP
 C = Vault XP percentage of total XP
 D = Non-vault monster count
 E = Vault monster count
 F = Vault count percentage of total count
                 A         B        C        D         E       F
            +---------+---------+-------+---------+---------+-------
      Total |   10946 |   11673 |  51.6 |     188 |      78 |  29.3
            +---------+---------+-------+---------+---------+-------
        D:1 |      21 |       0 |   0.0 |      12 |       0 |   0.0
        D:2 |      24 |       0 |   0.0 |       6 |       0 |   0.0
        D:3 |      17 |      55 |  76.4 |       3 |       2 |  40.0
        D:4 |     498 |       0 |   0.0 |      32 |       0 |   0.0
        D:5 |     512 |      42 |   7.6 |      16 |       1 |   5.9
        D:6 |    1130 |     258 |  18.6 |      18 |       3 |  14.3
        D:7 |    1017 |     731 |  41.8 |      25 |      11 |  30.6
        D:8 |    1488 |    1112 |  42.8 |      26 |      11 |  29.7
        D:9 |    3739 |       7 |   0.2 |      27 |       4 |  12.9
       D:10 |    1437 |    4270 |  74.8 |      14 |      26 |  65.0
       D:11 |    1063 |    2468 |  69.9 |       9 |       6 |  40.0
     Bailey |       0 |    2357 | 100.0 |       0 |      11 | 100.0
      IceCv |       0 |     373 | 100.0 |       0 |       3 | 100.0
            +---------+---------+-------+---------+---------+-------

Skill      XL: |  1  2  3  4  5  6  7  8  9 10 11 |
---------------+----------------------------------+-----
Spellcasting   | 3 4 5 6 7 9 10 12 | 12.3
Stealth        | 2 3 4 5 7 8 |  8.2
Necromancy     | 5 6 7 8 9 10 | 10.9
Ranged Weapons | 1 2 3 5 6 7 |  7.8
Fighting       | 4 |  4.7
Dodging        | |  1.5

Action                     |  1- 3 |  4- 6 |  7- 9 | 10-12 || total
---------------------------+-------+-------+-------+-------++-------
  Melee: Unarmed           |    36 |     1 |       |       ||    37
         Falchion          |       |     9 |       |       ||     9
   Fire: Heavy crossbow    |       |     4 |    98 |   124 ||   226
   Cast: Necrotise         |    50 |    49 |     4 |       ||   103
         Vampiric Draining |       |     8 |     5 |    25 ||    38
         Animate Dead      |       |       |     1 |     1 ||     2
         Borgnjor's Vile C |       |       |       |     2 ||     2
         Death Channel     |       |       |       |     1 ||     1
    Use: Scroll            |     5 |       |     4 |     4 ||    13
 Armour: Robe              |    22 |    26 |    45 |   112 ||   205
  Dodge: Dodged            |    34 |    18 |    48 |    94 ||   194

Illustrated notes

Table legend:
 A = Kills in this place as a percentage of kills in the entire game.
 B = Kills by you in this place as a percentage of kills by you in the entire game.
 C = Kills by friends in this place as a percentage of kills by friends in the entire game.
 D = Other kills in this place as a percentage of other kills in the entire game.
 E = Experience gained in this place as a percentage of experience gained in the entire game.
 F = Experience gained in this place divided by the number of levels of this place that you have seen.
                   A       B       C       D       E      F
               +-------+-------+-------+-------+-------+----------------------
         Total | 100.0 | 100.0 | 100.0 |   N/A | 100.0 | 1615.6
       Dungeon |  94.7 |  94.5 | 100.0 |   N/A |  87.9 | 1808.1
        Bailey |   4.1 |   4.3 |   0.0 |   N/A |  10.4 | 2357.0
      Ice Cave |   1.1 |   1.2 |   0.0 |   N/A |   1.6 | 373.0
               +-------+-------+-------+-------+-------+----------------------

Table legend: (Time is in decaauts)
 A = Elapsed time spent in this place.
 B = Non-inter-level travel time spent in this place.
 C = Inter-level travel time spent in this place.
 D = Time resting spent in this place.
 E = Time spent auto-exploring this place.
 F = Levels seen in this place.
 G = Mean time per level.
                   A        B        C        D        E       F      G
               +--------+--------+--------+--------+--------+-----+--------+
         Total |  12518 |  11774 |    744 |    109 |   9244 |  14 |  894.1 |
       Dungeon |  12044 |  11308 |    736 |     63 |   9046 |  11 | 1094.9 |
        Temple |     18 |     10 |      8 |      0 |      0 |   1 |   18.0 |
        Bailey |    359 |    359 |      0 |     46 |    130 |   1 |  359.0 |
      Ice Cave |     95 |     95 |      0 |      0 |     67 |   1 |   95.0 |
               +--------+--------+--------+--------+--------+-----+--------+

Top non-repeatable levels by time:
     D:4: 1800 daAuts
     D:3: 1680 daAuts
    D:10: 1378 daAuts
     D:9: 1239 daAuts
     D:2: 1130 daAuts
     D:8: 1084 daAuts
     D:6: 977 daAuts
    D:11: 945 daAuts
     D:7: 795 daAuts
     D:5: 716 daAuts
  Bailey: 359 daAuts
     D:1: 297 daAuts
   IceCv: 95 daAuts
  Temple: 18 daAuts
